 Dungeon Crawl Stone Soup version 0.22-a0-389-g8519d86 (webtiles) character file.

4995 Mgcat the Grappler (level 10, -4/58 HPs)
             Began as a Gargoyle Transmuter on Apr 30, 2018.
             Was an Elder of Okawaru.
             Slain by a troll (7 damage)
             ... on level 9 of the Dungeon.
             The game lasted 00:31:55 (9858 turns).

Mgcat the Grappler (Gargoyle Transmuter)            Turns: 9858, Time: 00:31:55

Health: -4/58      AC:  2    Str: 15    XL:     10   Next: 54%
Magic:  7/14       EV: 24    Int: 16    God:    Okawaru [****..]
Gold:   371        SH:  0    Dex: 15    Spells: 4/14 levels left

rFire    . . .     SeeInvis .     - Unarmed
rCold    . . .     Gourm    .   (shield currently unavailable)
rNeg     + . .     Faith    .   (armour currently unavailable)
rPois    ∞         Spirit   .   (helmet currently unavailable)
rElec    .         Reflect  .   (cloak currently unavailable)
rCorr    .         Harm     .   (gloves currently unavailable)
MR       +....                  (boots currently unavailable)
Stlth    +++.......             C - amulet of magic regeneration (curse)
HPRegen  0.19/turn              q - ring of protection from magic {MR+, !d}
MPRegen  0.39/turn              (no ring)

@: spider-form, heroism
A: tiny, negative energy resistance 1, petrification resistance, rot immunity,
AC +7
a: End Transformation, Heroism, Renounce Religion


You were on level 9 of the Dungeon.
You worshipped Okawaru.
Okawaru was greatly pleased with you.
You were hungry.
You were a venomous arachnid creature.
You visited 2 branches of the dungeon, and saw 10 of its levels.

You collected 371 gold pieces.

Inventory:

Hand Weapons
 g - a +2 dagger of draining (melded)
   (You took it off a goblin on level 1 of the Dungeon)
 j - a +0 blowgun
   (You took it off a kobold on level 3 of the Dungeon)
Missiles
 a - 61 arrows
 f - 251 stones (quivered)
 l - 11 curare-tipped needles
 F - 2 throwing nets {=f, !d}
Armour
 n - a +0 shield
   (You found it on level 3 of the Dungeon)
 B - a +0 cloak (melded)
   (You found it on level 7 of the Dungeon)
 E - a +1 robe of positive energy (melded)
   (You found it on level 7 of the Dungeon)
Magical Staves
 v - an uncursed staff of energy {+MP, hungerless spells, !d!a@w1}
   (You found it on level 7 of the Dungeon)
Jewellery
 q - a ring of protection from magic (left front leg) {MR+, !d}
   (You found it on level 4 of the Dungeon)
 A - an uncursed amulet of the gourmand {Gourm, !d}
   (You found it on level 7 of the Dungeon)
 C - a cursed amulet of magic regeneration (around neck)
   (You found it on level 7 of the Dungeon)
Wands
 k - a wand of paralysis (13)
   (You took it off a gnoll on level 4 of the Dungeon)
Scrolls
 o - 7 scrolls of identify
 s - a scroll of torment {unknown}
 t - a scroll of amnesia {unknown}
 u - a scroll of remove curse {unknown}
 w - 2 scrolls of teleportation
 y - a scroll of blinking {unknown}
 G - a scroll of fear {unknown}
 H - a scroll of immolation {unknown}
Potions
 b - 3 potions of agility
 c - 2 potions of brilliance {unknown}
 e - 2 potions of mutation {unknown}
 h - 2 potions of flight {unknown}
 i - a potion of degeneration {unknown}
 m - 3 potions of cancellation {unknown}
 p - a potion of might
 r - a potion of haste {unknown}
 x - a potion of lignification {unknown}
 z - a potion of heal wounds
 D - a potion of curing {unknown}
Comestibles
 d - 11 rations
 I - 6 chunks of flesh {@w0}


   Skills:
 + Level 4.4(9.4) Fighting
 - Level 1.5(6.5) Dodging
 - Level 0.3(5.3) Shields
 - Level 8.0(13.0) Unarmed Combat
 + Level 2.7 Spellcasting
 + Level 7.4 Transmutations
 - Level 6.2 Ice Magic
 - Level 6.0 Poison Magic
 + Level 2.0 Invocations


You had 4 spell levels left.
You knew the following spells:

 Your Spells              Type           Power        Failure   Level  Hunger
a - Beastly Appendage     Tmut           ####..       4%          1    #......
b - Sticks to Snakes      Tmut           ####....     6%          2    ##.....
c - Spider Form           Tmut/Pois      ###.......   12%         3    ###....
d - Ice Form              Ice/Tmut       ###.....     28%         4    #####..


Dungeon Overview and Level Annotations

Branches:
Dungeon (9/15)             Temple (1/1) D:4
   Lair: D:8-11         Orc: D:9-12

Altars:
Ashenzari
Cheibriados
Dithmenos
Elyvilon
Fedhas
Gozag
Hepliaklqana
Kikubaaqudgha
Makhleb
Nemelex Xobeh
Okawaru
Qazlal
Ru
Sif Muna
Trog
Uskayaw
Vehumet
Wu Jian
Xom
Yredelemnul
Zin
The Shining One


Innate Abilities, Weirdness & Mutations

You are resistant to torment.
((Your stone body is resilient. (AC +7)))
You are immune to poison.
You resist negative energy. (rN+)
((You are resistant to electric shocks. (rElec)))
((You can survive without breathing.))
You are immune to petrification.
You are immune to rotting.


Message History

Erolcha shouts!
You hear two shouts!
Items here: ) / ? [ a club; a ring mail; a wand of flame (35); a scroll labeled ABRILL YNAESM
Casting: Spider Form (safe; 4% risk of failure)
Confirm with . or Enter, or press ? or * to list all spells.
You turn into a venomous arachnid creature.
Your +2 dagger of draining melds into your body.
Your +0 cloak melds into your body.
Your +1 robe of positive energy melds into your body.
You feel less protected from negative energy.
You gain the combat prowess of a mighty hero.
An ogre comes into view. It is wielding a giant club.
You barely miss Erolcha. Erolcha completely misses you.
The ogre moves out of view.
Casting: Spider Form (safe; 13% risk of failure)
Confirm with . or Enter, or press ? or * to list all spells.
You create a snake!
You now have 63 arrows.
Erolcha hits you with an enchanted giant spiked club!
A troll comes into view.
The troll moves out of view.
Your ball python barely misses Erolcha.
You bite Erolcha!
Erolcha is poisoned.
Erolcha is lightly wounded.
Erolcha gestures wildly while chanting.
Erolcha blinks!
Erolcha casts a spell at you.
The fireball explodes!
The fireball engulfs you!
* * * LOW HITPOINT WARNING * * *
The fireball engulfs your ball python.
Your ball python dies!
You hear a shout! x3
You feel much better.
Erolcha roars.
Erolcha gestures at you while chanting. You resist with almost no effort.
Your transformation is almost over.
Erolcha gestures wildly while chanting.
Erolcha blinks!
You bite Erolcha!
Erolcha is heavily wounded.
Erolcha barely misses you.
You bite Erolcha!
Erolcha looks as sick as possible!
Erolcha is severely wounded.
You bite Erolcha!
Erolcha looks as sick as possible!
Erolcha is almost dead.
You kill Erolcha!
Okawaru is honoured by your kill.
Training target 6.0 for Ice Magic reached!
Your base Fighting skill increases to level 4!
Your Ice Magic skill increases to level 6!
Your Invocations skill gained 2 levels and is now at level 2!
Things that are here:
an enchanted giant spiked club; a robe; the ogre corpse of Erolcha You enter the shallow water.
Moving in this stuff is going to be slow.
An ogre comes into view. It is wielding a giant spiked club.
You feel like a meek peon again. The adder completely misses you.
Casting: Sticks to Snakes (safe; 6% risk of failure)
Confirm with . or Enter, or press ? or * to list all spells.
You create 2 snakes!
You now have 61 arrows.
The ogre shouts!
The adder barely misses you. The adder misses you. The adder barely misses you.
An orc and a two-headed ogre come into view.
You gain the combat prowess of a mighty hero.
Your transformation has ended.
Your +2 dagger of draining unmelds from your body.
Your +0 cloak unmelds from your body.
Your +1 robe of positive energy unmelds from your body.
You sense an unholy aura.
You feel more protected from negative energy.
The troll bites you. The troll claws you. The troll barely misses you.
The adder bites you but does no damage.
Your adder bites the troll but does no damage.
Casting: Sticks to Snakes (safe; 1% risk of failure)
Confirm with . or Enter, or press ? or * to list all spells.
You turn into a venomous arachnid creature.
Your +2 dagger of draining melds into your body.
Your +0 cloak melds into your body.
Your +1 robe of positive energy melds into your body.
You feel less protected from negative energy.
You are feeling hungry.
The troll completely misses you. The troll claws you. The troll misses you.
The adder completely misses you.
Your adder bites the troll.
The troll is poisoned.
Your adder poisons the troll!
The adder misses you.
Your adder bites the troll but does no damage.
The troll closely misses you. The troll claws you! The troll barely misses you.
You bite the troll!
The troll looks as sick as possible!
The troll is moderately wounded.
The adder bites you.
* * * LOW HITPOINT WARNING * * *
The two-headed ogre hits you with a giant club!
* * * LOW HITPOINT WARNING * * *
The two-headed ogre completely misses you.
Your adder bites the troll.
The troll completely misses you. The troll claws you.
* * * LOW HITPOINT WARNING * * *
The troll claws you!
You die...

....... .....## #..###.
##.##.. # #####.#...
##.############.))......
....o....)).....###.#...
#≈≈≈≈≈O≈S≈≈≈≈≈≈####.##..
..####sS######≈.....##.
#TS# #≈......## #aa#
#≈#####... #OO# #≈# ####
.... ≈# a..... ≈# ≈≈≈#'#
≈8≈#..


You could see a two-headed ogre, a troll, 2 ogres, 2 worker ants, an adder, an
orc and 2 friendly adders.

Vanquished Creatures
  Erolcha (D:9)
  The ghost of dimadima095 the Ogre Mage, a novice OgWz of Vehumet (D:8)
  A hippogriff (D:8)
  Sigmund (D:3)
  A hungry ghost (D:7)
  Duvessa (D:7)
  A sky beast (D:8)
  An orc warrior (D:8)
  A black bear (D:8)
  4 ice beasts
  A phantom (D:8)
  A necrophage (D:8)
  2 ogres
  A centaur (D:7)
  2 big kobolds
  Blork the orc (D:6)
  A bullfrog (D:5)
  Dowan (D:7)
  4 scorpions
  A wyvern skeleton (D:7)
  4 killer bees (D:7)
  3 wights (D:8)
  A crimson imp (D:9)
  A quasit (D:6)
  2 orc priests (D:8)
  2 jellies
  8 orc wizards
  4 hounds
  A centaur skeleton (D:6)
  Natasha (thrice) (D:3)
  3 worker ants
  2 hound zombies (D:7)
  A hound skeleton (D:7)
  A howler monkey zombie (D:8)
  A worker ant zombie (D:2)
  10 gnolls
  7 adders
  A shadow imp (D:6)
  2 worms
  3 dart slugs
  4 leopard geckos
  13 orcs
  2 ball pythons
  7 bats
  6 giant cockroaches
  3 hobgoblins
  9 jackals
  3 quokkas
  8 frilled lizards
  12 goblins
  27 kobolds
  2 leopard gecko skeletons
  A leopard gecko zombie (D:7)
  2 quokka skeletons
  A quokka zombie (D:9)
  10 rats
198 creatures vanquished.

Vanquished Creatures (collateral kills)
  A bullfrog (D:6)
  2 killer bees (D:7)
  An orc priest (D:4)
  An orc wizard (D:4)
  A dart slug (D:2)
  A jackal (D:4)
  2 kobolds (D:7)
  A bat (D:3)
10 creatures vanquished.

Grand Total: 208 creatures vanquished

Notes
Turn   | Place    | Note
-------+----------+-------------------------------------------
     0 | D:1      | Mgcat the Gargoyle Transmuter began the quest for the Orb.
     0 | D:1      | Reached XP level 1. HP: 12/12 MP: 3/3
   265 | D:1      | Reached XP level 2. HP: 16/16 MP: 3/5
   468 | D:1      | Reached skill level 2 in Transmutations
   785 | D:1      | Reached XP level 3. HP: 15/21 MP: 4/6
   789 | D:1      | Reached skill level 2 in Fighting
   797 | D:1      | Learned a level 2 spell: Sticks to Snakes
   801 | D:1      | Learned a level 3 spell: Spider Form
  1299 | D:2      | Reached XP level 4. HP: 27/27 MP: 4/7
  1343 | D:2      | Reached skill level 1 in Poison Magic
  1385 | D:2      | HP: 1/27 [gnoll/halberd (7)]
  1687 | D:2      | Reached XP level 5. HP: 31/31 MP: 5/8
  1844 | D:2      | Found a basalt altar of Yredelemnul.
  1844 | D:2      | Found an ornate altar of the Wu Jian Council.
  2040 | D:3      | Noticed Sigmund
  2162 | D:3      | Killed Sigmund
  2162 | D:3      | Reached skill level 3 in Fighting
  2162 | D:3      | Reached skill level 4 in Unarmed Combat
  2162 | D:3      | Reached skill level 2 in Poison Magic
  2162 | D:3      | Reached XP level 6. HP: 37/37 MP: 4/9
  2352 | D:3      | Noticed Natasha
  2360 | D:3      | Killed Natasha
  2360 | D:3      | Reached skill level 3 in Transmutations
  2404 | D:3      | Noticed Natasha
  2414 | D:3      | Killed Natasha
  2430 | D:3      | Noticed Natasha
  2440 | D:3      | Killed Natasha
  2744 | D:4      | Paralysed by a gnoll for 7 turns
  2788 | D:4      | HP: 5/38 [gnoll/halberd (10)]
  2884 | D:4      | Reached skill level 3 in Poison Magic
  2884 | D:4      | Reached XP level 7. HP: 17/42 MP: 4/10
  3052 | D:4      | Found a staircase to the Ecumenical Temple.
  3130 | D:4      | Reached skill level 5 in Unarmed Combat
  3445 | D:5      | Entered Level 5 of the Dungeon
  4273 | Temple   | Entered the Ecumenical Temple
  4520 | Temple   | Became a worshipper of Warmaster Okawaru
  4815 | D:6      | HP: 9/42 [bullfrog (6)]
  4819 | D:6      | Reached skill level 4 in Transmutations
  4821 | D:6      | HP: 7/42 [bullfrog (3)]
  4822 | D:6      | HP: 3/42 [bullfrog (4)]
  4823 | D:6      | Reached skill level 4 in Poison Magic
  5112 | D:6      | Noticed a hand axe
  5113 | D:6      | Noticed a hand axe
  5116 | D:6      | Found a hide-covered altar of Uskayaw.
  5195 | D:6      | Reached XP level 8. HP: 20/48 MP: 8/11
  5328 | D:6      | HP: 9/48 [ice beast (9)]
  5445 | D:6      | HP: 12/48 [orc wizard/magic dart (5)]
  5699 | D:6      | Noticed Blork the orc
  5708 | D:5      | Reached skill level 6 in Unarmed Combat
  5840 | D:6      | HP: 9/48 [Blork the orc/short sword (9)]
  5842 | D:6      | Killed Blork the orc
  5842 | D:6      | Reached * piety under Okawaru
  6033 | D:6      | Found a radiant altar of Vehumet.
  6034 | D:6      | Found an ancient bone altar of Kikubaaqudgha.
  6152 | D:6      | Reached skill level 5 in Poison Magic
  6507 | D:6      | Learned a level 4 spell: Ice Form
  6612 | D:7      | Reached skill level 5 in Transmutations
  6643 | D:7      | Reached skill level 1 in Ice Magic
  6663 | D:7      | Noticed Duvessa
  6672 | D:7      | Noticed Dowan
  6680 | D:7      | Killed Duvessa
  6680 | D:7      | Reached XP level 9. HP: 26/52 MP: 7/12
  6693 | D:7      | HP: 5/52 [wyvern skeleton (10)]
  6695 | D:7      | Reached skill level 2 in Ice Magic
  6699 | D:7      | HP: 3/52 [Dowan/dagger (1)]
  6700 | D:7      | Killed Dowan
  6946 | D:7      | Reached skill level 7 in Unarmed Combat
  7025 | D:7      | Reached skill level 6 in Poison Magic
  7037 | D:7      | Reached ** piety under Okawaru
  7044 | D:7      | Reached skill level 3 in Ice Magic
  7612 | D:8      | Noticed dimadima095's ghost (novice OgWz)
  7837 | D:8      | Killed dimadima095's ghost
  7837 | D:8      | Reached *** piety under Okawaru
  7837 | D:8      | Reached skill level 6 in Transmutations
  7837 | D:8      | Reached skill level 4 in Ice Magic
  8020 | D:8      | Reached skill level 8 in Unarmed Combat
  8157 | D:8      | HP: 11/52 [gnoll/spear (5)]
  8409 | D:8      | Reached XP level 10. HP: 54/56 MP: 11/13
  8433 | D:8      | Found a hazy altar of Hepliaklqana.
  8444 | D:8      | HP: 12/56 [hippogriff (6)]
  8445 | D:8      | Reached skill level 5 in Ice Magic
  8797 | D:8      | Found a sacrificial altar of Ru.
  8992 | D:8      | Reached skill level 7 in Transmutations
  9450 | D:9      | Found a shadowy altar of Dithmenos.
  9836 | D:9      | Noticed Erolcha
  9844 | D:9      | HP: 14/56 [Erolcha/fireball (20)]
  9849 | D:9      | Killed Erolcha
  9849 | D:9      | Reached **** piety under Okawaru
  9849 | D:9      | Reached skill level 4 in Fighting
  9849 | D:9      | Reached skill level 6 in Ice Magic
  9849 | D:9      | Reached skill level 2 in Invocations
  9855 | D:9      | Noticed a two-headed ogre
  9858 | D:9      | HP: 4/58 [two-headed ogre/giant club (12)]
  9858 | D:9      | Slain by a troll

Vault maps used:
D:1:      elethiomel_arrival_infinity_welcomes_careful_drivers
D:2:      gammafunk_temple_overflow_elements
D:3:      uniq_natasha, uniq_sigmund
D:4:      minmay_temple_entry_from_below_b
D:5:      kennysheep_kobold_camp, first_ration
D:6:      dancing_weapons_uskayaw, gammafunk_temple_overflow_wave,
          nrook_loot_triangle, uniq_blork_the_orc
D:7:      uniq_duvessa
D:8:      kennysheep_little_box, basic_altar
D:9:      cheibrodos_ideogram_h, lemuel_round_altar, lightli_fourway_metalbox,
          uniq_erolcha
Temple:   eino_wide_crystal_templ

Skill      XL: |  1  2  3  4  5  6  7  8  9 10 |
---------------+-------------------------------+-----
Transmutations | 2 3 4 5 6 7 |  7.4
Fighting       | 2 3 4 |  4.4
Poison Magic   | 1 2 3 4 5 6 |  6.0
Unarmed Combat | 4 5 6 8 |  8.0
Ice Magic      | 1 4 6 |  6.2
Invocations    | 2 |  2.0
Dodging        | |  1.5
Shields        | |  0.3
Spellcasting   | |  2.7

Action                   |  1- 3 |  4- 6 |  7- 9 | 10-12 || total
-------------------------+-------+-------+-------+-------++-------
Melee: Unarmed           |    34 |     5 |   314 |    83 ||   436
       Kick              |     5 |     9 |       |       ||    14
       Dagger            |    70 |   114 |    29 |       ||   213
       Headbutt          |     7 |     4 |       |       ||    11
       Punch             |       |     3 |       |       ||     3
 Cast: Beastly Appendage |    24 |    25 |     2 |       ||    51
       Sticks to Snakes  |     1 |    17 |    12 |     5 ||    35
       Spider Form       |       |     1 |    38 |    16 ||    55
       Ice Form          |       |       |       |     1 ||     1
Invok: Heroism           |       |       |     3 |     2 ||     5
Evoke: Wand              |       |       |     1 |       ||     1
  Use: Scroll            |       |     2 |     2 |       ||     4
       Potion            |       |     2 |       |     1 ||     3
 Stab: Distracted        |       |       |     1 |       ||     1
  Eat: Chunk             |     2 |     7 |    14 |     3 ||    26
       Ration            |       |       |     4 |     1 ||     5
Armor: Robe              |    29 |    43 |     7 |     1 ||    80
       Skin              |       |       |    14 |     2 ||    16
Dodge: Dodged            |    62 |   105 |   248 |    64 ||   479

Table legend:
 A = Spawn XP
 B = Non-spawn XP
 C = Spawn XP percentage of total XP
 D = Spawn monster count
 E = Non-spawn monster count
 F = Spawn count percentage of total count
 G = Total turns spent on level
                    A         B        C        D         E        F      G
               +---------+---------+-------+---------+---------+-------+---------
         Total |       0 |    7136 |   0.0 |       0 |     208 |   0.0 |  9858
               +---------+---------+-------+---------+---------+-------+---------
           D:1 |       0 |      43 |   0.0 |       0 |      25 |   0.0 |  1343
           D:2 |       0 |     141 |   0.0 |       0 |      33 |   0.0 |   719
           D:3 |       0 |     300 |   0.0 |       0 |      13 |   0.0 |   534
           D:4 |       0 |     304 |   0.0 |       0 |      25 |   0.0 |   900
           D:5 |       0 |     466 |   0.0 |       0 |      29 |   0.0 |  1461
           D:6 |       0 |     715 |   0.0 |       0 |      19 |   0.0 |  1316
           D:7 |       0 |    1450 |   0.0 |       0 |      28 |   0.0 |  1155
           D:8 |       0 |    2330 |   0.0 |       0 |      25 |   0.0 |  1719
           D:9 |       0 |    1387 |   0.0 |       0 |      11 |   0.0 |   439
               +---------+---------+-------+---------+---------+-------+---------

Vault maps used:
D:1:      elethiomel_arrival_infinity_welcomes_careful_drivers
D:2:      gammafunk_temple_overflow_elements
D:3:      uniq_natasha, uniq_sigmund
D:4:      minmay_temple_entry_from_below_b
D:5:      kennysheep_kobold_camp, first_ration
D:6:      dancing_weapons_uskayaw, gammafunk_temple_overflow_wave,
          nrook_loot_triangle, uniq_blork_the_orc
D:7:      uniq_duvessa
D:8:      kennysheep_little_box, basic_altar
D:9:      cheibrodos_ideogram_h, lemuel_round_altar, lightli_fourway_metalbox,
          uniq_erolcha
Temple:   eino_wide_crystal_templ

Table legend:
 A = Turns spent in this place as a percentage of turns spent in the entire game.
 B = Non-inter-level travel turns spent in this place as a percentage of non-inter-level travel turns spent in the entire game.
 C = Inter-level travel turns spent in this place as a percentage of turns spent in this place.
 D = Turns resting spent in this place as a percentage of non-inter-level travel turns spent in this place.
 E = Turns spent auto-exploring this place as a percentage of non-inter-level travel turns spent in this place.
 F = Non-inter-level travel turns spent in this place divided by the number of levels of this place that you've seen.
                   A       B       C       D       E      F
               +-------+-------+-------+-------+-------+----------------------
         Total | 100.0 | 100.0 |   3.3 |   4.9 |  74.0 | 952.8
       Dungeon |  97.2 |  97.4 |   3.2 |   3.6 |  75.8 | 1031.1
        Temple |   2.8 |   2.6 |   8.8 |  54.0 |   7.7 | 248.0
               +-------+-------+-------+-------+-------+----------------------

Table legend:
 A = Kills in this place as a percentage of kills in entire the game.
 B = Kills by you in this place as a percentage of kills by you in the entire game.
 C = Kills by friends in this place as a percentage of kills by friends in the entire game.
 D = Other kills in this place as a percentage of other kills in the entire game.
 E = Experience gained in this place as a percentage of experience gained in the entire game.
 F = Experience gained in this place divided by the number of levels of this place that you have seen.
                   A       B       C       D       E      F
               +-------+-------+-------+-------+-------+----------------------
         Total | 100.0 | 100.0 | 100.0 |   N/A | 100.0 | 713.6
       Dungeon | 100.0 | 100.0 | 100.0 |   N/A | 100.0 | 792.9
               +-------+-------+-------+-------+-------+----------------------
